 Dungeon Crawl Stone Soup version 0.26-a0-639-g72c4674329 (webtiles) character file.

Game seed: 11852730357107154409

158 tof the Ducker (level 5, -8/41 HPs)
             Began as a Demonspawn Gladiator on Sept 28, 2020.
             Mangled by Crazy Yiuf
             ... wielding a +2 quarterstaff of chaos
              (13 damage)
             ... on level 2 of the Dungeon.
             The game lasted 00:05:34 (1756 turns).

tof the Ducker (Demonspawn Gladiator)               Turns: 1756, Time: 00:05:35

Health: -8/41      AC:  0    Str: 15    XL:     5   Next: 16%
Magic:  1/5        EV: 16    Int:  9    God:
Gold:   96         SH:  0    Dex: 15    Spells: 3/4 levels left

rFire    . . .     SeeInvis .   (weapon currently unavailable)
rCold    . . .     Faith    .   (shield currently unavailable)
rNeg     . . .     Spirit   .   (armour currently unavailable)
rPois    .         Reflect  .   (helmet currently unavailable)
rElec    .         Harm     .   (cloak currently unavailable)
rCorr    .         Rampage  .   (gloves currently unavailable)
MR       .....                  (boots currently unavailable)
Stlth    +.........             (no amulet)
HPRegen  0.13/turn              (ring currently unavailable)
MPRegen  0.09/turn              (ring currently unavailable)

@: pig-form (expiring), very quick
A: small
a: no special abilities


You were on level 2 of the Dungeon.
You were a filthy swine.
You visited 1 branch of the dungeon, and saw 2 of its levels.

You collected 96 gold pieces.

Inventory:

Hand Weapons
 a - a +0 quarterstaff (melded)
Missiles
 d - 4 throwing nets (quivered)
Armour
 b - a +0 leather armour
 c - a +0 helmet
 f - a +0 ring mail
 l - a +1 pair of boots (melded)
 m - a +0 cloak (melded)
 q - a +0 chain mail
 r - a +1 helmet
 s - a cursed +0 leather armour (melded)
 w - a +0 pair of gloves (melded)
Jewellery
 p - a cursed ring of attention {unknown}
Scrolls
 e - 2 scrolls of identify {unknown}
 i - 4 scrolls of fear {unknown}
 j - a scroll of enchant weapon {unknown}
 k - a scroll of magic mapping {unknown}
 n - a scroll of immolation {unknown}
 o - a scroll of fog {unknown}
Potions
 g - a potion of curing {unknown}
 h - a potion of cancellation {unknown}
 t - a potion of magic {unknown}
 u - a potion of stabbing {unknown}
 v - a potion of mutation {unknown}


   Skills:
 + Level 3.2 Fighting
 + Level 3.5 Staves
 - Level 1.7 Throwing
 + Level 2.0 Armour
 + Level 3.5 Dodging


You had 3 spell levels left.
You knew the following spells:

 Your Spells              Type           Power        Failure   Level
a - Corona                Hex            #......      38%         1

Your spell library contained the following spells:

 Spells                   Type           Power        Failure   Level
 Ensorcelled Hibernation  Hex/Ice        #.....       52%         2
 Confusing Touch          Hex            #.......     77%         3
 Dazzling Flash           Conj/Hex       #.....       77%         3
 Tukima's Dance           Hex            #.......     77%         3


Dungeon Overview and Level Annotations

Branches:
Dungeon (2/15)

Altars:
Xom
Zin

Annotations:
D:2 Crazy Yiuf


Innate Abilities, Weirdness & Mutations

((You have a pair of small antennae on your head.))
((You are mostly covered in sharp spines.))


Message History

Crazy Yiuf is moderately wounded.
Crazy Yiuf misses you.
You closely miss Crazy Yiuf.
Crazy Yiuf is moderately wounded.
Crazy Yiuf barely misses you.
You hit Crazy Yiuf.
Crazy Yiuf is heavily wounded.
Crazy Yiuf hits you with a +2 quarterstaff of chaos!
* * * LOW HITPOINT WARNING * * *
Crazy Yiuf burns you.
* * * LOW HITPOINT WARNING * * *
You hit Crazy Yiuf but do no damage.
Crazy Yiuf is heavily wounded.
Crazy Yiuf hits you with a +2 quarterstaff of chaos.
* * * LOW HITPOINT WARNING * * *
You completely miss Crazy Yiuf.
Crazy Yiuf is heavily wounded.
Crazy Yiuf screams, "Aardvark foot leg!"
Crazy Yiuf hits you with a +2 quarterstaff of chaos!
You die...

####♣ ### ##...♣♣♣ ♣♣#..)#
#....PP♣♣♣♣hg...# ####
#.....P.♣..♣#...# ###
...###.#..P.♣.♣♣♣ ### #.###
..(##..###♣♣♣♣♣ #...# ........#
#.#.####
...####.################.#(.(.#
...# #..................####.#
#.## #######..#.........# #.#
#.# #..##..÷......# #.#


You could see Crazy Yiuf.

Vanquished Creatures
  A phantom (D:2)
  4 adders (D:2)
  An ooze (D:2)
  A worm (D:2)
  A dart slug (D:2)
  A leopard gecko (D:1)
  2 bats (D:2)
  A giant cockroach (D:1)
  A hobgoblin (D:2)
  4 jackals (D:2)
  A kobold (D:2)
  A quokka (D:2)
  A ball python (D:2)
  5 frilled lizards (D:2)
  3 goblins (D:2)
  5 rats
33 creatures vanquished.

Vanquished Creatures (others)
  A fungus (D:2)
1 creature vanquished.

Grand Total: 34 creatures vanquished

Notes
Turn   | Place    | Note
-------+----------+-------------------------------------------
     0 | D:1      | tof the Demonspawn Gladiator began the quest for the Orb.
     0 | D:1      | Reached XP level 1. HP: 16/16 MP: 1/1
   781 | D:2      | Gained mutation: You are partially covered in sharp spines.
                  | [demonic ancestry]
   781 | D:2      | Reached XP level 2. HP: 22/22 MP: 2/2
   881 | D:2      | Found a shimmering altar of Xom.
   881 | D:2      | Noticed an angel
   882 | D:2      | Found a glowing silver altar of Zin.
   927 | D:2      | Reached skill level 1 in Armour
   927 | D:2      | Gained mutation: You are mostly covered in sharp spines.
                  | [demonic ancestry]
   927 | D:2      | Reached XP level 3. HP: 26/28 MP: 3/3
  1110 | D:2      | Noticed a phantom
  1143 | D:2      | Killed a phantom
  1143 | D:2      | Reached XP level 4. HP: 6/35 MP: 4/4
  1438 | D:2      | Gained mutation: You have a pair of small antennae on your
                  | head. [demonic ancestry]
  1438 | D:2      | Reached XP level 5. HP: 41/41 MP: 5/5
  1664 | D:2      | Learned a level 1 spell: Corona
  1736 | D:2      | Found a runed translucent door.
  1737 | D:2      | Noticed Crazy Yiuf
  1756 | D:2      | Mangled by Crazy Yiuf

Illustrated notes

Levels and vault maps discovered:
D:1:      mrwooster_arrival_statue, layout_basic
D:2:      layout_rooms, grunt_temple_overflow_order_and_chaos_1, minmay_cupped,
          uniq_crazy_yiuf_cottage

Skill      XL: |  1  2  3  4  5 |
---------------+----------------+-----
Staves         | 3 |  3.5
Dodging        | 3 |  3.5
Armour         | 1 2 |  2.0
Fighting       | 3 |  3.2
Throwing       | |  1.7

Action                   |  1- 3 |  4- 6 || total
-------------------------+-------+-------++-------
Melee: Quarterstaff      |    61 |    18 ||    79
       Unarmed           |       |    15 ||    15
 Stab: Sleeping          |       |     1 ||     1
Armor: Ring mail         |     9 |       ||     9
       Leather armour    |    14 |     2 ||    16
Dodge: Dodged            |    35 |    13 ||    48

Table legend: (Time is in decaauts)
 A = Elapsed time spent in this place.
 B = Non-inter-level travel time spent in this place.
 C = Inter-level travel time spent in this place.
 D = Time resting spent in this place.
 E = Time spent auto-exploring this place.
 F = Levels seen in this place.
 G = Mean time per level.
                   A        B        C        D        E       F      G
               +--------+--------+--------+--------+--------+-----+--------+
         Total |   1765 |   1729 |     36 |    440 |    939 |   2 |  882.5 |
       Dungeon |   1765 |   1729 |     36 |    440 |    939 |   2 |  882.5 |
               +--------+--------+--------+--------+--------+-----+--------+

Top non-repeatable levels by time:
     D:2: 1070 daAuts
     D:1: 695 daAuts
